Map: Magannatha LE

Players

KimChiLoVer - Winner!

  • Race: Terran Terran
  • League: Diamond
  • Spawn Location: 5:00

VOD

Have the link to the VOD?

Description

Time

  • Played on: Aug. 23, 2025, 10:39 p.m.
  • Length: 10:19
Show
View Real Time Build Order
Export as new Build Order

KimChiLoVer Terran - Winner!

Build Orders: Reaper Expand 

Get SALT Encoding   

  12  0:02  SCV  
  12  0:14  SCV  
  12  0:19  Supply Depot  
  12  0:26  SCV  
  12  0:40  SCV  
  12  0:41  Barracks  
  12  0:44  Refinery  
  12  0:52  SCV  
  12  1:04  SCV  
  12  1:16  SCV  
  12  1:28  Orbital Command  
  12  1:30  Reaper  
  12  1:39  Command Center  
  12  1:48  Supply Depot  
  12  1:54  SCV  
  12  2:02  Marine  
  12  2:05  Factory  
  12  2:10  SCV, Refinery  
  12  2:22  Barracks Reactor, SCV  
  12  2:26  Barracks  
  12  2:40  Barracks  
  12  2:41  SCV  
  12  2:51  Orbital Command  
  12  2:53  SCV  
  12  2:54  Factory Tech Lab  
  12  3:04  Marine x2  
  12  3:09  SCV  
  12  3:22  Marine x2  
  12  3:29  Command Center  
  12  3:32  SCV  
  12  3:34  SCV  
  12  3:39  Starport  
  12  3:40  Factory Reactor  
  12  3:45  SCV  
  12  3:46  SCV  
  12  3:50  Marine x2  
  12  3:52  Marine  
  12  3:53  Marine  
  12  3:57  Stimpack  
  12  4:00  SCV  
  12  4:01  SCV  
  12  4:06  Engineering Bay  
  12  4:12  Engineering Bay  
  12  4:15  SCV  
  12  4:16  SCV  
  12  4:21  Marine  
  12  4:22  Marine x2  
  12  4:30  SCV x2, Marine  
  12  4:32  Supply Depot  
  12  4:34  Terran Infantry Weapons Level 1  
  12  4:38  Medivac  
  12  4:41  Medivac  
  12  4:44  SCV  
  12  4:45  SCV  
  12  4:49  Terran Infantry Armor Level 1  
  12  4:54  Orbital Command  
  12  4:56  Marine  
  12  4:57  Marine  
  12  4:59  SCV  
  12  5:01  SCV  
  12  5:04  Factory Tech Lab  
  12  5:10  Marine x2  
  12  5:11  SCV  
  12  5:20  Armory, Barracks  
  12  5:22  Marine x2  
  12  5:28  Marine  
  12  5:35  Siege Tank  
  12  5:37  Barracks  
  12  5:39  Marine  
  12  5:40  Combat Shield  
  12  5:48  Orbital Command  
  12  5:49  Supply Depot  
  12  5:50  Medivac  
  12  5:51  Barracks Tech Lab  
  12  5:52  SCV  
  12  5:53  SCV  
  12  5:55  Refinery  
  12  6:03  Marine x3  
  12  6:15  Barracks Reactor  
  12  6:16  Concussive Shells  
  12  6:17  Marine  
  12  6:20  Marine  
  12  6:21  Marine x2  
  12  6:23  Supply Depot  
  12  6:25  Supply Depot  
  12  6:30  SCV  
  12  6:35  Marine, Refinery  
  12  6:36  Medivac  
  12  6:38  Marine x2  
  12  6:39  SCV x2, Marine  
  12  6:41  Barracks Tech Lab  
  12  6:43  SCV  
  12  6:47  Barracks  
  12  6:49  Terran Infantry Weapons Level 2  
  12  6:50  Barracks  
  12  6:51  SCV x2, Barracks  
  12  6:53  Marine  
  12  6:55  SCV  
  12  6:58  Refinery  
  12  7:03  SCV  
  12  7:09  Terran Infantry Armor Level 2  
  12  7:13  Supply Depot  
  12  7:15  SCV, Supply Depot  
  12  7:16  SCV  
  12  7:17  SCV  
  12  7:20  Medivac  
  12  7:22  Viking  
  12  7:24  Marine x4  
  12  7:25  Marine x3  
  12  7:35  SCV x3, Refinery  
  12  7:37  Marine x3  
  12  7:42  Siege Tank, Marine x4  
  12  7:43  Marine x3  
  12  7:57  Command Center  
  12  7:58  Supply Depot  
  12  8:01  Supply Depot  
  12  8:02  Supply Depot  
  12  8:10  Barracks Tech Lab  
  12  8:11  Barracks Reactor, Barracks Tech Lab  
  12  8:12  Starport  
  12  8:20  Medivac x2, SCV x3  
  12  8:21  Terran Vehicle And Ship Armor Level 1  
  12  8:24  Supply Depot  
  12  8:25  Supply Depot, Marine x6  
  12  8:26  Marine  
  12  8:31  Supply Depot  
  12  8:41  Marauder x2  
  12  8:43  Marine x6  
  12  8:44  Marauder  
  12  8:45  Supply Depot  
  12  8:47  Siege Tank  
  12  8:49  Starport Reactor  
  12  8:58  Liberator, Viking  
  12  9:04  Supply Depot  
  12  9:06  SCV, Supply Depot  
  12  9:09  Supply Depot  
  12  9:10  SCV x2  
  12  9:14  Planetary Fortress  
  12  9:18  SCV, Marine  
  12  9:19  Siege Tank, Marine, Marauder  
  12  9:25  SCV x2  
  12  9:28  Viking  
  12  9:29  Medivac  
  12  9:31  SCV  
  12  9:37  SCV  
  12  9:39  Marine x3, Marauder x2  
  12  10:07  Missile Turret  
Tags
 
Add a new tag
Caveats
  • Supply blocks, unpowered buildings, or Contaminate may cause inaccurate times.
  • Supply counts are checked every 10 seconds.